 Dungeon Crawl Stone Soup version 0.25-a0-258-g6d7e32a812 (webtiles) character file.

Game seed: 14030057081974578680, levelgen mode: deterministic

13909 Kaja the Grappler (level 11, 0/105 HPs)
             Began as a Troll Berserker on Dec 7, 2019.
             Was an Elder of Trog.
             Slain by a manticore (12 damage)
             ... on level 10 of the Dungeon.
             The game lasted 00:23:35 (9346 turns).

Kaja the Grappler (Troll Berserker)                 Turns: 9346, Time: 00:23:36

Health: 0/105      AC:  8    Str: 27    XL:     11   Next: 81%
Magic:  0/19       EV: 10    Int:  4    God:    Trog [****..]
Gold:   755        SH:  0    Dex: 11    Spells: 10/10 levels left

rFire    . . .     SeeInvis .     - Unarmed
rCold    . . .     Gourm    +   (no shield)
rNeg     + . .     Faith    .   z - +2 robe {rN+}
rPois    +         Spirit   +   (helmet restricted)
rElec    .         Reflect  .   (no cloak)
rCorr    .         Harm     .   (gloves unavailable)
MR       ++...                  (boots unavailable)
Stlth    +.........             L - amulet of guardian spirit
HPRegen  1.67/turn              l - ring of poison resistance
MPRegen  0.16/turn              j - ring of magical power

@: berserk cooldown, regenerating, hasted and slowed
A: large, unfitting armour, claws 3, fast metabolism 3, gourmand, regeneration
1, shaggy fur 1, tough skin 3
a: Berserk, Trog's Hand, Brothers in Arms, Renounce Religion


You were on level 10 of the Dungeon.
You worshipped Trog.
Trog was greatly pleased with you.
You were very full.

You visited 1 branch of the dungeon, and saw 11 of its levels.

You collected 755 gold pieces.

Inventory:

Hand Weapons
 w - the +3 dagger of Brawling {venom, rN+}
   (You found it on level 6 of the Dungeon)

   It poisons the flesh of those it strikes.
   It protects you from negative energy.
 F - a +1 scimitar of flaming
Missiles
 k - 6 poisoned darts (quivered)
 t - 2 throwing nets
 B - 3 javelins
 G - 8 large rocks
 H - 8 silver javelins
 K - 8 boomerangs
Armour
 z - a +2 robe of positive energy (worn)
Jewellery
 j - a ring of magical power (right claw)
 l - a ring of poison resistance (left claw)
 p - an uncursed ring of positive energy
 r - an uncursed ring of stealth
 s - an uncursed ring of magical power
 J - an uncursed ring of flight
 L - an amulet of guardian spirit (around neck)
Wands
 u - a wand of random effects (26)
 v - a wand of enslavement (12)
 x - a wand of flame (13)
 y - a wand of polymorph (7)
Scrolls
 a - 3 scrolls of teleportation {unknown}
 c - 8 scrolls of identify
 d - 8 scrolls of remove curse {unknown}
 g - a scroll of immolation {unknown}
 h - 3 scrolls of enchant weapon {unknown}
 o - 5 scrolls of amnesia {unknown}
 A - a scroll of blinking {unknown}
 C - 3 scrolls of fear
 I - a scroll of enchant armour {unknown}
Potions
 e - a potion of haste
 f - 2 potions of curing
 i - a potion of agility
 m - 2 potions of flight
 n - 2 potions of cancellation
 q - 4 potions of brilliance
 D - a potion of heal wounds {unknown}
 E - 2 potions of resistance
Comestibles
 b - 21 rations
 M - a chunk of flesh


   Skills:
 * Level 6.2 Fighting
 * Level 7.9 Throwing
 * Level 5.3 Armour
 - Level 2.5 Dodging
 + Level 14.0 Unarmed Combat


You had 10 spell levels left.
You didn't know any spells.
Your spell library was empty.

Dungeon Overview and Level Annotations

Branches:
Dungeon (11/15)            Temple (0/1) D:5            Lair (0/6) D:9
    Orc (0/2) D:10

Altars:
Ashenzari
Gozag
Kikubaaqudgha
Qazlal
Trog
Uskayaw

Shops:
D:8 (

Annotations:
D:9 exclusion: orange crystal statue
D:11 Erolcha


Innate Abilities, Weirdness & Mutations

You are too large for most types of armour.
You have claws for hands.
Your metabolism is lightning-fast.
You like to eat raw meat.
Your natural rate of healing is unusually fast.
You are covered in fur. (AC +1)
You have extremely tough skin. (AC +3)


Message History

The centaur shoots an arrow.
The arrow hits you.
* * * LOW HITPOINT WARNING * * *
The iguana barely misses you.
The barbed spikes dig painfully into your body as you move.
* * * LOW HITPOINT WARNING * * *
The barbed spikes snap loose.
You climb upwards.
There is a stone staircase leading down, spattered with blood here.
Unknown command.
You're still recovering from your berserk rage.
Unknown command.
You feel yourself speed up. The manticore bites you.
* * * LOW HITPOINT WARNING * * *
The manticore barely misses you. The manticore claws you.
* * * LOW HITPOINT WARNING * * *
The manticore bites you!
* * * LOW HITPOINT WARNING * * *
The manticore barely misses you. The manticore claws you.
You feel better. The manticore bites you!
You die...

.###≈.≈♣≈.≈........♣≈≈≈♣..≈≈≈≈≈≈≈
.#.................≈≈≈≈≈≈≈≈≈≈≈≈≈≈
.....................≈...≈≈≈≈≈≈≈≈
..÷..................[..♣≈≈≈≈≈≈≈≈
...........÷..............≈≈≈≈≈≈≈
........####..............≈≈≈≈≈≈≈
........#..#.........####..≈≈≈≈≈≈
.####...#..#...####..#..#..≈≈≈≈≈≈
.#..#...#'##...#@.#..#..#...≈≈≈≈≈
)#.)#..........#.H#..#..#...≈≈≈≈≈
.##'#..........##'#..#'##....≈≈≈≈
.))..........................≈≈≈≈
.................................
######...⌠.......................
#....#...[.....#'##..........≈≈≈≈
#....#.........#..#..........≈≈≈≈
#....#.........#.[#..........≈≈≈≈


You could see a manticore.

Vanquished Creatures
  Snorg (D:10)
  3 two-headed ogres (D:10)
  Erica (D:8)
  An elephant (D:9)
  A manticore (D:10)
  A centaur zombie (D:10)
  The ghost of saltlakrits the Firebug, a novice GrFE (D:5)
  A troll (D:10)
  A merfolk (D:10)
  Prince Ribbit (D:6)
  5 hippogriffs
  9 yaks
  2 hogs (D:10)
  Duvessa (D:6)
  A hornet zombie (D:9)
  6 orc warriors
  An ice beast (D:9)
  12 black bears
  2 sky beasts (D:8)
  A phantom (D:5)
  4 ogres
  2 centaurs
  2 crocodiles (D:9)
  4 big kobolds
  11 bullfrogs
  4 gnoll sergeants (D:10)
  Dowan (D:6)
  3 scorpions
  3 wights (D:7)
  8 electric eels (D:10)
  3 crimson imps
  2 jellies
  2 bullfrog zombies
  3 hounds
  9 orc wizards
  2 bullfrog skeletons (D:7)
  4 orc priests
  3 centaur skeletons
  2 iguanas
  2 gnoll shamans (D:10)
  4 worker ants
  A worker ant zombie (D:5)
  9 adders
  4 shadow imps
  2 adder skeletons
  An adder zombie (D:8)
  5 worms
  A dart slug (D:4)
  7 leopard geckos
  29 orcs
  10 bats
  3 giant cockroaches (D:3)
  9 goblins
  12 hobgoblins
  12 jackals
  20 kobolds
  A quokka (D:3)
  8 frilled lizards
  A leopard gecko skeleton (D:4)
  A quokka zombie (D:5)
  5 rats
  A bush (D:5)
  3 plants
275 creatures vanquished.

Vanquished Creatures (others)
  3 plants
3 creatures vanquished.

Grand Total: 278 creatures vanquished

Notes
Turn   | Place    | Note
-------+----------+-------------------------------------------
     0 | D:1      | Kaja the Troll Berserker began the quest for the Orb.
     0 | D:1      | Reached XP level 1. HP: 22/22 MP: 0/0
   147 | D:1      | Reached XP level 2. HP: 29/29 MP: 1/1
   443 | D:1      | Reached XP level 3. HP: 36/36 MP: 2/2
   751 | D:2      | Reached ** piety under Trog
   969 | D:2      | Reached skill level 4 in Unarmed Combat
  1087 | D:2      | Reached XP level 4. HP: 45/45 MP: 3/3
  1665 | D:3      | Reached *** piety under Trog
  1675 | D:3      | Reached skill level 5 in Unarmed Combat
  1675 | D:3      | Reached XP level 5. HP: 53/53 MP: 4/4
  2320 | D:4      | Found a hide-covered altar of Uskayaw.
  2450 | D:4      | Found an opulent altar of Gozag.
  2543 | D:5      | Entered Level 5 of the Dungeon
  2614 | D:5      | Reached skill level 6 in Unarmed Combat
  2614 | D:5      | Reached XP level 6. HP: 60/61 MP: 5/5
  2630 | D:5      | Found a runed translucent gate.
  2631 | D:5      | Found a runed translucent gate.
  2631 | D:5      | Found a runed translucent gate.
  2633 | D:5      | Noticed saltlakrits's ghost (novice GrFE)
  2744 | D:5      | Reached **** piety under Trog
  2759 | D:5      | Reached skill level 1 in Throwing
  2802 | D:5      | Found a staircase to the Ecumenical Temple.
  3061 | D:5      | Reached skill level 7 in Unarmed Combat
  3061 | D:5      | Reached XP level 7. HP: 67/67 MP: 6/6
  3474 | D:5      | Killed saltlakrits's ghost
  3474 | D:5      | Reached skill level 8 in Unarmed Combat
  3595 | D:6      | Found a stormy altar of Qazlal.
  3598 | D:6      | Noticed Prince Ribbit
  3614 | D:6      | Killed Prince Ribbit
  3614 | D:6      | Reached XP level 8. HP: 19/78 MP: 7/7
  3927 | D:6      | Reached skill level 9 in Unarmed Combat
  4013 | D:6      | Got a transparent dagger
  4305 | D:6      | Found a bloodstained altar of Trog.
  4316 | D:6      | Reached skill level 1 in Armour
  4379 | D:6      | Noticed Duvessa
  4383 | D:6      | Noticed Dowan
  4386 | D:6      | Killed Duvessa
  4393 | D:6      | Killed Dowan
  4722 | D:6      | Identified the +3 dagger of Brawling {venom, rN+} (You
                  | found it on level 6 of the Dungeon)
  4841 | D:7      | Reached XP level 9. HP: 83/84 MP: 8/8
  4933 | D:7      | Reached skill level 10 in Unarmed Combat
  5500 | D:8      | Found Miysmi's Weapon Emporium.
  5505 | D:8      | Found an ancient bone altar of Kikubaaqudgha.
  5519 | D:8      | Noticed Erica
  5532 | D:8      | Killed Erica
  5532 | D:8      | Reached skill level 11 in Unarmed Combat
  5589 | D:8      | Reached skill level 5 in Throwing
  6125 | D:9      | Reached ***** piety under Trog
  6125 | D:9      | Received a gift from Trog
  6195 | D:9      | Noticed an elephant
  6207 | D:9      | Killed an elephant
  6207 | D:9      | Reached XP level 10. HP: 72/94 MP: 9/9
  6245 | D:9      | Found a staircase to the Lair.
  6261 | D:9      | Reached skill level 12 in Unarmed Combat
  6326 | D:9      | Noticed an orange crystal statue
  6375 | D:9      | Reached skill level 5 in Fighting
  6736 | D:10     | Entered Level 10 of the Dungeon
  6901 | D:10     | Noticed Snorg
  6912 | D:10     | Killed Snorg
  6923 | D:10     | Reached skill level 13 in Unarmed Combat
  6923 | D:10     | Reached XP level 11. HP: 104/104 MP: 10/10
  7361 | D:10     | Noticed a two-headed ogre
  7687 | D:10     | Found a staircase to the Orcish Mines.
  7775 | D:10     | Received a gift from Trog
  8208 | D:10     | Reached skill level 5 in Armour
  8606 | D:10     | Killed a two-headed ogre
  8679 | D:10     | Found a shattered altar of Ashenzari.
  8872 | D:10     | Noticed a two-headed ogre
  8883 | D:10     | Killed a two-headed ogre
  9204 | D:11     | Noticed a two-headed ogre
  9205 | D:11     | Noticed Erolcha
  9216 | D:10     | Reached skill level 14 in Unarmed Combat
  9319 | D:10     | Killed a two-headed ogre
  9345 | D:10     | HP: 1/105 [manticore (12)]
  9346 | D:10     | Slain by a manticore

Levels and vault maps discovered:
D:1:      dpeg_arrival_round_c, layout_loops_ring
D:2:      layout_basic
D:3:      layout_loops_corners
D:4:      layout_basic, eat_drink_and_be_merry_uskayaw, kennysheep_mini_moat,
          first_ration
D:5:      layout_loops_ring, minmay_temple_entry_statues_fountains,
          gammafunk_ghost_necromancy, lexackson_kobold_supper
D:6:      layout_loops_corners, trog_ov_bears_minmay, basic_altar,
          uniq_prince_ribbit1, uniq_duvessa
D:7:      layout_loops_ring, minmay_misc_feat_rows
D:8:      layout_rooms, nicolae_overflow_crystal_walls, serial_shops, shop,
          grunt_ogre_cave, uniq_erica
D:9:      layout_roguey, david_lair_generic, serial_curves, eino_curves_04,
          eino_curves_02, minmay_protected_statue
D:10:     kennysheep_town, uniq_snorg
D:11:     layout_basic, minmay_fractal_squares_gapless_5, uniq_erolcha,
          uniq_grum

Skill      XL: |  1  2  3  4  5  6  7  8  9 10 11 |
---------------+----------------------------------+-----
Fighting       | 3 4 5 6 |  6.2
Unarmed Combat | 4 5 6 7 8 9 11 13 14 | 14.0
Throwing       | 1 3 4 5 6 7 |  7.9
Armour         | 1 3 4 5 |  5.3
Dodging        | |  2.5

Action                   |  1- 3 |  4- 6 |  7- 9 | 10-12 || total
-------------------------+-------+-------+-------+-------++-------
Melee: Unarmed           |   108 |   173 |   285 |   239 ||   805
       Punch             |     2 |     1 |    14 |    17 ||    34
Throw: Dart              |       |     7 |    11 |    64 ||    82
Invok: Berserk           |       |       |     4 |     5 ||     9
       Trog's Hand       |       |       |     5 |     5 ||    10
       Brothers in Arms  |       |       |       |     1 ||     1
  Use: Scroll            |       |       |     8 |     2 ||    10
       Potion            |       |       |       |     2 ||     2
 Stab: Sleeping          |     1 |     2 |     2 |     3 ||     8
  Eat: Chunk             |    15 |    17 |    35 |    36 ||   103
Armor: Animal skin       |    38 |    56 |    23 |       ||   117
       Robe              |       |       |    31 |    55 ||    86
Dodge: Dodged            |    68 |    81 |   104 |   111 ||   364

Table legend:
 A = Non-vault XP
 B = Vault XP
 C = Vault XP percentage of total XP
 D = Non-vault monster count
 E = Vault monster count
 F = Vault count percentage of total count
                 A         B        C        D         E       F
            +---------+---------+-------+---------+---------+-------
      Total |    8618 |   11252 |  56.6 |     205 |      66 |  24.4
            +---------+---------+-------+---------+---------+-------
        D:1 |      43 |       0 |   0.0 |      24 |       0 |   0.0
        D:2 |      83 |       0 |   0.0 |      26 |       0 |   0.0
        D:3 |     127 |       0 |   0.0 |      33 |       0 |   0.0
        D:4 |      59 |       0 |   0.0 |       6 |       0 |   0.0
        D:5 |     477 |     568 |  54.4 |      16 |      13 |  44.8
        D:6 |     472 |     753 |  61.5 |      13 |       5 |  27.8
        D:7 |     725 |       0 |   0.0 |      19 |       0 |   0.0
        D:8 |     903 |    1029 |  53.3 |      13 |       2 |  13.3
        D:9 |    2172 |     974 |  31.0 |      22 |       4 |  15.4
       D:10 |    3557 |    7928 |  69.0 |      33 |      42 |  56.0
            +---------+---------+-------+---------+---------+-------
